 Dungeon Crawl Stone Soup version 0.18.1-50-g88ac8fd (webtiles) character file.

552 KarmaPolice the Poker (level 7, -3/56 HPs)
             Began as a Merfolk Gladiator on Sept 27, 2016.
             Killed by divine providence
             ... invoked by an orc priest
              (14 damage)
             ... on level 4 of the Dungeon.
             The game lasted 00:06:38 (4105 turns).

KarmaPolice the Poker (Merfolk Gladiator)           Turns: 4105, Time: 00:06:39

Health: -3/56      AC:  7    Str: 18    XL:     7   Next: 29%
Magic:  7/7        EV: 13    Int:  7    God:
Gold:   139        SH:  0    Dex: 14    Spells: 0 memorised, 6 levels left

rFire  . . .     SeeInvis .     a - +0 trident
rCold  . . .     Gourm    .     b - +0 leather armour
rNeg   . . .     Faith    .     (no shield)
rPois  .         Spirit   .     z - +2 helmet
rElec  .         Dismiss  .     (no cloak)
rCorr  .         Reflect  .     x - +0 pair of gloves
SustAt .         Harm     .     (no boots)
MR     .....                    (no amulet)
Stlth  +.........               (no ring)
                                (no ring)

@: not resistant to hostile enchantments, very unstealthy
A: change form in water, swift swim
a: no special abilities


You were on level 4 of the Dungeon.
You were not hungry.

You visited 1 branch of the dungeon, and saw 4 of its levels.

You collected 139 gold pieces.

Inventory:

Hand Weapons
 a - a +0 trident (weapon)
Missiles
 d - 5 throwing nets (quivered)
Armour
 b - a +0 leather armour (worn)
 x - a +0 pair of gloves (worn)
 z - a +2 helmet (worn)
Jewellery
 e - a +2 amulet of reflection {unknown}
 m - an uncursed ring of protection from fire {unknown}
 s - a cursed ring of loudness {unknown}
 y - an uncursed amulet of dismissal {unknown}
 D - an uncursed amulet of dismissal {unknown}
Scrolls
 j - 4 scrolls of noise {unknown}
 k - 2 scrolls of teleportation {unknown}
 n - 3 scrolls of remove curse {unknown}
 q - a scroll of enchant weapon {unknown}
 r - 6 scrolls of identify {unknown}
 B - 2 scrolls of enchant armour {unknown}
 C - 2 scrolls of fog {unknown}
 F - a scroll of magic mapping {unknown}
Potions
 c - a potion of haste {unknown}
 g - 3 potions of brilliance {unknown}
 i - 2 potions of cure mutation {unknown}
 o - a potion of might {unknown}
 t - a potion of heal wounds {unknown}
 v - a potion of resistance {unknown}
 w - a potion of curing {unknown}
 A - a potion of flight {unknown}
Comestibles
 f - 3 bread rations
 h - 2 royal jellies
 l - 2 slices of pizza
 p - 3 meat rations
 u - 2 beef jerkies
 E - 2 chunks of flesh


   Skills:
 + Level 5.2 Fighting
 + Level 7.4 Polearms
 - Level 2.0 Throwing
 + Level 3.1 Armour
 - Level 4.0 Dodging


You had 6 spell levels left.
You didn't know any spells.

Dungeon Overview and Level Annotations

Branches:
Dungeon (4/15)
 Temple: D:4-7

Altars:
Dithmenos
Elyvilon
Nemelex Xobeh
Pakellas
Xom
Zin


Message History

Beogh smites you! The jackal closely misses you.
The orc priest hits you but does no damage.
The jackal bites you but does no damage.
The orc priest mumbles some strange prayers to Beogh against you.
Beogh smites you!
A worm comes into view.
The jackal bites you.
The orc priest invokes the aid of Beogh against you.
Beogh smites you!
The jackal bites you but does no damage.
The jackal bites you but does no damage.
The orc priest invokes the aid of Beogh against you.
Beogh smites you!
* * * LOW HITPOINT WARNING * * *
There is an open door here.
The jackal barely misses you.
The orc priest calls down the wrath of Beogh upon you.
Beogh smites you!
You die...

.........(......#
................#
###'#....######## .'..#....#
.#..#....# ##..#....###### #####
#####.........###...#####
....#.........#.........# ..
....#.....o..o'h@.<.....#....
#...#.........###########.....
#...####'##................... #
.......h..#................... #
..........)................... #
..........#.w................. #
###########.................. #
............#######'#....########
............' #....#.)..+....#..


You could see 2 orc priests and a jackal.

Vanquished Creatures
  An ogre (D:4)
  A giant frog (D:4)
  A quasit (D:4)
  2 hounds (D:4)
  An orc wizard (D:4)
  A giant frog skeleton (D:4)
  Natasha (thrice) (D:2)
  3 worker ants (D:4)
  3 adders
  An ooze (D:3)
  2 worms
  2 dart slugs
  2 giant geckos
  6 orcs (D:4)
  5 bats
  6 giant cockroaches
  7 goblins
  10 hobgoblins
  6 kobolds
  2 quokkas
  A ball python (D:1)
  A giant gecko zombie (D:4)
  3 giant newts
  2 rats (D:3)
72 creatures vanquished.

Notes
Turn   | Place    | Note
--------------------------------------------------------------
     0 | D:1      | KarmaPolice the Merfolk Gladiator began the quest for the Orb.
     0 | D:1      | Reached XP level 1. HP: 16/16 MP: 1/1
   351 | D:1      | Reached XP level 2. HP: 23/23 MP: 2/2
   837 | D:2      | Reached XP level 3. HP: 19/28 MP: 3/3
   884 | D:2      | Reached skill level 1 in Armour
  1026 | D:2      | Noticed Natasha
  1037 | D:2      | Killed Natasha
  1037 | D:2      | Reached skill level 5 in Polearms
  1318 | D:2      | Reached XP level 4. HP: 35/35 MP: 4/4
  1461 | D:2      | Noticed Natasha
  1466 | D:2      | Killed Natasha
  1878 | D:2      | Noticed Natasha
  1882 | D:2      | Killed Natasha
  1882 | D:2      | Reached XP level 5. HP: 42/42 MP: 5/5
  2096 | D:3      | Found an oddly glowing altar of Pakellas.
  2366 | D:3      | Found a shimmering altar of Xom.
  2370 | D:3      | Found a white marble altar of Elyvilon.
  2371 | D:3      | Found a glowing silver altar of Zin.
  2371 | D:3      | Found a shadowy altar of Dithmenos.
  2375 | D:3      | Found a sparkling altar of Nemelex Xobeh.
  2895 | D:4      | Reached skill level 6 in Polearms
  3130 | D:4      | Reached XP level 6. HP: 33/48 MP: 6/6
  3742 | D:4      | Reached skill level 5 in Fighting
  3742 | D:4      | Reached skill level 7 in Polearms
  3742 | D:4      | Reached XP level 7. HP: 21/56 MP: 7/7
  4105 | D:4      | Killed from afar by an orc priest

Skill      XL: |  1  2  3  4  5  6  7 |
---------------+----------------------+-----
Armour         | 1 2 3 |  3.1
Fighting       | 3 4 5 |  5.2
Polearms       | 5 6 7 |  7.4
Throwing       | |  2.0
Dodging        | |  4.0

Action                   |  1- 3 |  4- 6 |  7- 9 || total
-------------------------+-------+-------+-------++-------
Melee: Trident           |    74 |   213 |    13 ||   300
 Stab: Sleeping          |     3 |     3 |       ||     6
  Eat: Chunk             |     1 |     8 |     1 ||    10
Armor: Leather armour    |     6 |    49 |     8 ||    63
Dodge: Dodged            |    35 |   107 |     6 ||   148
